 Dungeon Crawl Stone Soup version 0.31.0-12-g77e489cdc1 (webtiles) character file.

Game seed: 3479864637286477126

129828 spaghetti the Peltast (level 17, -3/179 (182) HPs)
             Began as an Oni Chaos Knight on Feb 22, 2024.
             Was a Plaything of Xom.
             Killed from afar by an eye of devastation (35 damage)
             ... with a bolt of devastation
             ... on level 4 of the Abyss.
             The game lasted 00:48:05 (31262 turns).

spaghetti the Peltast (Oni Chaos Knight)           Turns: 31262, Time: 00:48:06

HP:   -3/179 (182)  AC: 22    Str: 30    XL:     17   Next: 6%
MP:   24/24         EV: 13    Int: 24    God:    Xom [.*....]
Gold: 4203          SH: 19    Dex:  9    Spells: 10/16 levels left

rFire   . . .        t - +8 whip "Snakebite" {venom, curare, rPois}
rCold   + + +        Z - +0 tower shield "Ugiavoc" {rF- Str+2 Dex+7}
rNeg    . . .        U - +2 robe {rC+ rF+}
rPois   +            (helmet restricted)
rElec   +            N - +2 cloak of Resourcefulness {rCorr}
rCorr   +            (gloves unavailable)
SInv    +            (boots unavailable)
Will    .....        P - amulet of the Rescuing Gods {Acrobat Int+3 SInv}
Stlth   ++           j - +4 ring of protection
HPRegen 0.49/turn    K - ring "Gaoxto" {rC+ MP+9 AC+4 Dex-4 SInv}
MPRegen 0.19/turn

%: acrobat
@: about to teleport, weak-willed, lightly drained
A: large, unfitting armour, horns 1, tough skin 1, double potion healing,
drunken brawling, talons 1, iridescent scales 3, camouflage 1, clever 2, cold
resistance 2, poison resistance, electricity resistance, strong 2, [low MP 1]
a: Renounce Religion


You were on level 4 of the Abyss.
You worshipped Xom.
You were a plaything of Xom.
You visited 4 branches of the dungeon, and saw 24 of its levels.
You visited the Abyss 1 time.
You also visited: Sewer, Bailey and Gauntlet.

You collected 5767 gold pieces.
You spent 1564 gold pieces at shops.

Inventory:

Hand Weapons
 t - the +8 whip "Snakebite" (weapon) {venom, curare, rPois}
   (You acquired it on level 4 of the Dungeon)

   rPois:     It protects you from poison
Missiles
 x - 2 throwing nets (quivered)
 z - 29 boomerangs
 S - 4 silver javelins
 V - 15 large rocks
 W - 6 datura-tipped darts
Armour
 N - the +2 cloak of Resourcefulness (worn) {rCorr}
   (You acquired it on level 10 of the Dungeon)

   rCorr:     It protects you from acid and corrosion.
 U - a +2 robe of resistance (worn)
 Z - the +0 tower shield "Ugiavoc" (worn) {rF- Str+2 Dex+7}
   (You found it on level 1 of the Lair of Beasts)

   Str+2:     It affects your strength (+2).
   Dex+7:     It affects your dexterity (+7).
   rF-:       It makes you vulnerable to fire.
Jewellery
 d - a ring of flight
 f - a +6 ring of intelligence
 j - a +4 ring of protection (left hand)
 E - a ring of protection from cold
 H - an amulet of regeneration
 K - the ring "Gaoxto" (right hand) {rC+ MP+9 AC+4 Dex-4 SInv}
   (You found it in a Gauntlet)

   [ring of protection]

   AC+4:      It affects your AC (+4).
   Dex-4:     It affects your dexterity (-4).
   rC+:       It protects you from cold.
   MP+9:      It affects your magic capacity (+9).
   SInv:      It lets you see invisible.
 P - the amulet of the Rescuing Gods (around neck) {Acrobat Int+3 SInv}
   (You found it in a Gauntlet)

   [amulet of the acrobat]

   Acrobat:   It increases your evasion while moving and waiting.
   Int+3:     It affects your intelligence (+3).
   SInv:      It lets you see invisible.
 R - a ring of see invisible
Wands
 a - a wand of digging (8)
 g - a wand of paralysis (25)
 m - a wand of iceblast (7)
 v - a wand of mindburst (17)
 C - a wand of polymorph (3)
 G - a wand of acid (9)
 X - a wand of flame (35)
Scrolls
 b - a scroll of silence
 c - 6 scrolls of butterflies
 e - 4 scrolls of noise
 h - 2 scrolls of brand weapon
 i - 4 scrolls of immolation
 l - 7 scrolls of blinking
 q - 6 scrolls of teleportation
 u - 2 scrolls of fog
 w - 4 scrolls of vulnerability
 y - a scroll of revelation
 A - 3 scrolls of fear
 B - 7 scrolls of amnesia
 D - 3 scrolls of poison
 J - 2 scrolls of enchant weapon
 L - 2 scrolls of enchant armour
 O - 8 scrolls of identify
Potions
 k - 5 potions of might
 n - 6 potions of brilliance
 o - a potion of mutation
 p - 3 potions of heal wounds
 r - a potion of cancellation
 s - 5 potions of curing
 F - 2 potions of enlightenment
 I - 3 potions of haste
 Q - 3 potions of lignification
 Y - a potion of magic
Miscellaneous
 M - a tin of tremorstones (inert)
 T - a lightning rod (inert)


   Skills:
 - Level 14.7 Fighting
 - Level 12.0 Maces & Flails
 - Level 10.7 Throwing
 - Level 13.9 Dodging
 + Level 18.5 Shields
 - Level 5.1 Translocations


You had 10 spell levels left.
You knew the following spells:

 Your Spells              Type           Power      Damage    Failure   Level
a - Blink                 Tloc           48%        N/A       4%          2
b - Lesser Beckoning      Tloc           48%        N/A       4%          2
c - Momentum Strike       Conj/Tloc      24%        3d8       13%         2

Your spell library contained the following spells:

 Spells                   Type           Power      Damage    Failure   Level
 Gell's Gravitas          Tloc           24%        N/A       9%          3
 Teleport Other           Tloc           24%        N/A       9%          3
 Foxfire                  Conj/Fire      0%         2x1d4     24%         1
 Magic Dart               Conj           0%         1d3       24%         1
 Shock                    Conj/Air       0%         1d3       24%         1
 Volatile Blastmotes      Fire/Tloc      24%        2d12      26%         3
 Call Imp                 Summ           0%         N/A       36%         2
 Scorch                   Fire           0%         2d5       36%         2
 Sublimation of Blood     Necr           0%         N/A       36%         2
 Call Canine Familiar     Summ           0%         N/A       58%         3
 Inner Flame              Hex/Fire       0%         N/A       58%         3
 Sigil of Binding         Hex            0%         N/A       58%         3
 Swiftness                Air            0%         N/A       58%         3
 Dimensional Bullseye     Hex/Tloc       6%         N/A       65%         4
 Iskenderun's Mystic Bla  Conj/Tloc      12%        2d5       65%         4
 Vhi's Electric Charge    Tloc/Air       24%        N/A       65%         4
 Airstrike                Air            0%         2d(0-16)  94%         4
 Flame Wave               Conj/Fire      0%         2d4       94%         4
 Fulminant Prism          Conj/Alch      0%         3d5       94%         4
 Ignite Poison            Fire/Alch      0%         N/A       94%         4
 Olgreb's Toxic Radiance  Alch           0%         N/A       94%         4
 Petrify                  Alch/Erth      0%         N/A       94%         4
 Sticky Flame             Fire/Alch      0%         2d4       94%         4
 Arcjolt                  Conj/Air       0%         1d10      100%        5
 Irradiate                Conj/Alch      0%         3d11      100%        5
 Plasma Beam              Fire/Air       0%         2x1d10    100%        6
 Starburst                Conj/Fire      0%         6d3       100%        6
 Summon Cactus Giant      Summ           0%         N/A       100%        6
 Ozocubu's Refrigeration  Ice            0%         4d7       100%        7
 Discord                  Hex            0%         N/A       100%        8
 Ignition                 Fire           0%         3d3       100%        8


Dungeon Overview and Level Annotations

Branches:
Dungeon (15/15)            Temple (0/1) D:4            Lair (5/5) D:9
 Shoals (0/4) Lair:2        Snake (0/4) Lair:3        Slime (0/5) Lair:5
    Orc (2/2) D:11            Elf (2/3) Orc:2        Vaults (0/5) D:14
 Depths (0/4) D:15          Sewer (visited)          Bailey (visited)
Gauntlet (visited)

Altars:
Ashenzari
Fedhas
Gozag
Kikubaaqudgha
Okawaru
Ru
Sif Muna
Uskayaw
Vehumet
Wu Jian
Xom
Yredelemnul
Zin
The Shining One
Jiyva

Shops:
D:1 :   D:4 ?   D:9 [?   D:12 *   Orc:2 =*(*   Elf:1 =

Annotations:
D:12 3 runed translucent doors, TheBioAlchemist's ghost, journeyman SpEn
Lair:1 exclusion: oklob plant
Lair:4 1 runed translucent door, Tuenopt's ghost, journeyman DsAr
Elf:2 3 runed translucent doors, peterlawrence's ghost, adept MiFi


Innate Abilities, Weirdness & Mutations

You are too large for most types of armour.
You have a pair of small horns on your head.
You have tough skin. (AC +1)
You gain doubled healing and magic from potions.
Whenever you drink a healing potion, you attack all around you.
You have sharp toenails.
You are completely covered in iridescent scales. (AC +6)
Your skin changes colour to match your surroundings (Stealth+).
Your mind is very acute. (Int +8, Str/Dex -2)
Your flesh is very cold resistant. (rC++)
Your system is resistant to poisons. (rPois)
You are resistant to electric shocks. (rElec)
Your muscles are very strong. (Str +8, Int/Dex -2)
[Your magical capacity is low. (-10% MP)]


Message History

* * * LOW HITPOINT WARNING * * *
You suddenly lose the ability to move!
The starcursed mass touches you but does no damage.
An eye of devastation comes into view.
A starcursed mass splits.
The starcursed mass touches you but does no damage.
You can move again.
You hit the starcursed mass but do no damage.
You headbutt the starcursed mass, but do no damage.
The starcursed mass is almost destroyed.
You block the starcursed mass's attack.
A deep elf sorcerer comes into view. It is wielding a +0 dagger.
Unknown command.
Unknown command.
You hit the starcursed mass.
The starcursed mass is almost destroyed.
The starcursed mass shudders and withdraws towards its neighbour. x4
The starcursed mass barely misses you.
A deafening chorus of shrieks assaults your mind!
* * * LOW HITPOINT WARNING * * *
The starcursed mass touches you but does no damage.
Unknown command.
Blink to where?
Press: ? - help, Dir - move target
As you read the scroll of blinking, it crumbles to dust.
A starcursed mass splits.
A deafening chorus of shrieks assaults your mind!
* * * LOW HITPOINT WARNING * * *
You shrug off the repeated paralysis!
A starcursed mass splits.
A golden eye comes into view.
As you read the scroll of teleportation, it crumbles to dust.
You feel strangely unstable.
You feel the power of the Abyss delaying your translocation!
The golden eye turns its gaze towards you.
A starcursed mass splits.
A neqoxec comes into view.
The eye of devastation gazes at you. The bolt of devastation hits you!!
Your willpower is stripped away!
You die...
Xom chuckles heartily!

. . # . .##.. __# .
##.. _ _). . #.#....
# .. . . .#.#.... # .
.._ .#..xX # # . _ .†
## ##..#.X. .
...#.#.#.#..XX## .
G...3...##.X#XX# .
##@G.X..##X#.. .
#...#........ . ##
##..#.#.......# ##.
.#..#....#....e .
..... .#.....#.
#....###..#....#.....
#.... #.#. . .#...# .
.. ##.§§#... #. . #
###..#


You could see 7 starcursed masses, an eye of devastation, a neqoxec and a golden
eye.

Vanquished Creatures
  Donald (Orc:2)
  2 tentacled starspawn (Abyss:4)
  Louise (D:15)
  An orc warlord (Bailey)
  A deep elf demonologist (Elf:2)
  A minotaur (Lair:5)
  Snorg (Orc:1)
  The ghost of VoidStrider the Stormcaller, a journeyman TeAE of Vehumet (Lair:5)
  The ghost of hawla the Tainted, a journeyman MiFi of Yredelemnul (D:13)
  5 vault guards (D:14)
  4 hydras
  5 catoblepae
  A great orb of eyes (Abyss:4)
  An anaconda (shapeshifter) (Elf:1)
  An ogre mage (D:15)
  A death knight (Abyss:4)
  3 centaur warriors
  3 boulder beetles
  Erica (D:9)
  7 two-headed ogres
  8 dancing weapons
  A tengu warrior (D:15)
  A demonic crawler (D:13)
  5 death yaks (Lair:5)
  3 occultists (D:15)
  5 orc high priests
  A shock serpent (Gauntlet)
  7 deep elf knights
  Sonja (Lair:2)
  4 skeletal warriors (D:14)
  A skyshark (Lair:4)
  A glowing orange brain (Abyss:4)
  2 arcanists
  An obsidian statue (Gauntlet)
  A lindwurm (Lair:3)
  3 orc knights
  Pikel (D:4)
  3 harpies (Lair:2)
  4 orc sorcerers
  17 deep elf pyromancers
  11 deep elf zephyrmancers
  A necromancer (D:15)
  5 deep elf archers
  3 manticores
  2 oklob plants (Lair:1)
  A faun (Lair:5)
  Maurice (D:8)
  4 cyclopes
  A worldbinder (Abyss:3)
  Joseph (Lair:1)
  A large abomination (Abyss:4)
  A moth of wrath (D:13)
  A shining eye (shapeshifter) (Elf:1)
  4 elephants (Lair:5)
  A centaur zombie (D:15)
  An apocalypse crab (Abyss:4)
  4 kobold blastminers (Orc:2)
  4 black mambas
  2 torpor snails
  A centaur skeleton (D:15)
  12 cane toads
  A komodo dragon (shapeshifter) (Elf:2)
  2 gargoyles (D:12)
  4 kobold demonologists
  Psyche (D:9)
  3 tengu conjurers (D:14)
  2 efreet
  7 rime drakes
  9 komodo dragons
  9 trolls
  3 polar bears
  A tyrant leech (D:13)
  A hornet (shapeshifter) (Elf:1)
  A polar bear (shapeshifter) (Elf:1)
  A wolf spider simulacrum (D:15)
  2 hornets
  8 blink frogs
  Sigmund (D:3)
  5 slime creatures (D:13)
  11 dream sheep
  An air elemental (Elf:1)
  57 yaks
  A water elemental (Elf:1)
  2 shadows
  2 wyverns
  3 fire elementals
  5 hogs (D:15)
  6 humans (D:14)
  3 wraiths
  2 death yak simulacra (Lair:5)
  7 basilisks
  Grum (Lair:1)
  A redback simulacrum (D:15)
  4 wargs
  Menkaure (D:4)
  4 acid dragons
  A catoblepas simulacrum (Lair:5)
  4 swamp worms (D:13)
  2 nagas (Lair:3)
  16 water moccasins
  3 hell hounds (Orc:2)
  A sky beast (D:6)
  37 orc warriors
  2 ice beasts
  A black bear (D:6)
  3 ogres
  3 boggarts (D:13)
  5 wolves
  A lemure (D:4)
  12 centaurs
  2 kobold brigands
  15 bullfrogs
  A brain worm (Lair:5)
  3 earth elementals
  3 scorpions
  A small abomination (Abyss:4)
  7 wights
  A dream sheep simulacrum (Lair:5)
  14 killer bees
  3 howler monkeys (D:10)
  2 electric eels (D:9)
  A torpor snail simulacrum (Lair:5)
  3 bombardier beetles
  A fire crab simulacrum (Lair:5)
  An iron imp (Abyss:4)
  7 hounds
  30 orc priests
  A gnoll bouda (D:6)
  9 jellies
  3 starcursed masses (Abyss:4)
  An iguana (D:5)
  32 orc wizards
  Robin (D:3)
  15 gnolls
  10 adders
  A shadow imp (D:8)
  3 white imps
  4 dart slugs
  5 ribbon worms
  78 orcs
  10 ball pythons
  8 bats
  21 endoplasms
  5 giant cockroaches
  15 hobgoblins
  8 quokkas
  4 frilled lizards
  28 goblins
  23 kobolds
  5 rats
  2 starspawn tentacles (Abyss:4)
824 creatures vanquished.

Vanquished Creatures (collateral kills)
  Azrael (Orc:2)
  A rakshasa (D:15)
  A deep elf pyromancer (Elf:1)
  A troll (Orc:2)
  A hog (D:15)
  2 fire elementals (Orc:2)
  An orc warrior (Orc:2)
  2 ogres (Orc:2)
  2 centaurs
  A lemure (D:4)
  A phantom (D:5)
  2 orcs
  An endoplasm (Lair:1)
17 creatures vanquished.

Vanquished Creatures (others)
  An eldritch tentacle (Bailey)
  2 ogre magi (Abyss:4)
  2 deep elf knights (Elf:2)
  2 deep elf zephyrmancers (Elf:1)
  A rime drake (Abyss:4)
  A polar bear (Lair:5)
  3 dream sheep (Lair:3)
  A water elemental (Elf:2)
  A human (D:15)
  2 fire bats (Abyss:4)
  A yak (D:8)
  4 chaos spawn (Abyss:4)
  A boggart (D:13)
  A tengu (Abyss:4)
  A hound (D:9)
  An orc priest (Elf:2)
  6 orcs
  4 starspawn tentacles (Abyss:4)
35 creatures vanquished.

Grand Total: 876 creatures vanquished

Notes
Turn   | Place    | Note
-------+----------+-------------------------------------------
     0 | D:1      | spaghetti the Oni Chaos Knight began the quest for the Orb.
     0 | D:1      | Reached XP level 1. HP: 24/24 MP: 1/1
    91 | D:1      | Reached XP level 2. HP: 14/33 MP: 2/2
   276 | D:1      | Reached skill level 5 in Fighting
   400 | D:1      | Found Ijezam's Book Shop.
   405 | D:1      | Reached XP level 3. HP: 41/42 MP: 3/3
   411 | D:1      | XOM: divination: magic mapping
   475 | D:1      | Found a faded altar of an unknown god.
   661 | D:1      | XOM: god gift: scroll labelled JUINGI URENATU {god gift}
   753 | D:1      | XOM: divination: detect creatures
  1067 | D:2      | Gained mutation: You are partially covered in large bone
                  | plates. (SH +4) [potion of mutation]
  1067 | D:2      | Gained mutation: You are partially covered in iridescent
                  | scales. (AC +2) [potion of mutation]
  1215 | D:2      | XOM: give mutations
  1215 | D:2      | Gained mutation: Your mind is acute. (Int +4, Str/Dex -1)
                  | [Xom's grace]
  1215 | D:2      | Gained mutation: You expend magic power (3 MP) to
                  | strengthen your wands. [Xom's grace]
  1215 | D:2      | Gained mutation: You are strong-willed. (Will+) [Xom's
                  | grace]
  1215 | D:2      | Gained mutation: You are mostly covered in iridescent
                  | scales. (AC +4) [Xom's grace]
  1226 | D:2      | Learned a level 2 spell: Blink
  1235 | D:2      | Found an iron altar of Okawaru.
  1367 | D:3      | Noticed Robin
  1373 | D:3      | XOM: summons 2 hostile demons
  1378 | D:3      | Reached XP level 4. HP: 52/52 MP: 2/4
  1378 | D:3      | You fall into a shaft and drop 1 floor!
  1385 | D:4      | XOM: torment (28/52 hp)
  1603 | D:4      | Reached skill level 1 in Translocations
  1643 | D:4      | Noticed a scorpion
  1649 | D:4      | XOM: summons 4 friendly demons
  1657 | D:3      | Killed a scorpion
  1658 | D:3      | Reached XP level 5. HP: 31/62 MP: 5/5
  1863 | D:3      | Killed Robin
  2027 | D:3      | Noticed Sigmund
  2029 | D:3      | XOM: confusion
  2054 | D:3      | Killed Sigmund
  2055 | D:3      | Reached XP level 6. HP: 34/72 MP: 4/6
  2165 | D:3      | XOM: 3-stop teleportation journey
  2407 | D:3      | Found a hide-covered altar of Uskayaw.
  2660 | D:4      | XOM: 3-stop teleportation journey
  2662 | D:4      | XOM: blink monster(s)
  2670 | D:4      | XOM: cast spell 'Chain of Chaos'
  2672 | D:4      | Reached XP level 7. HP: 63/81 MP: 4/7
  2734 | D:4      | Noticed Pikel
  2737 | D:4      | XOM: summons friendly shadow imp
  2739 | D:4      | XOM: destruction
  2741 | D:4      | XOM: 1-stop teleportation journey
  2769 | D:4      | XOM: summons 7 friendly demons
  2774 | D:4      | Killed Pikel
  2775 | D:4      | Reached skill level 5 in Translocations
  2775 | D:4      | Reached XP level 8. HP: 61/93 MP: 6/8
  2938 | D:4      | Found a staircase to the Ecumenical Temple.
  2945 | D:4      | Found an iron altar of Okawaru.
  2962 | D:4      | Noticed Menkaure
  2973 | D:4      | HP: 4/93 [Menkaure (7)]
  2974 | D:4      | HP: 1/93 [Menkaure (3)]
  2975 | D:4      | Killed Menkaure
  2976 | D:4      | Reached skill level 10 in Fighting
  3242 | D:4      | XOM: divination: magic mapping
  3327 | D:4      | Found Inukuumiom's Magic Scroll Emporium.
  3336 | D:4      | XOM: scenery: summon butterflies
  3728 | D:5      | Entered Level 5 of the Dungeon
  3751 | D:5      | XOM: give mutation
  3751 | D:5      | Gained mutation: You are resistant to electric shocks.
                  | (rElec) [Xom's grace]
  3771 | D:5      | XOM: summons 3 friendly demons
  3860 | D:5      | Found a glowing drain.
  3873 | Sewer    | Entered a sewer
  3876 | Sewer    | XOM: god gift: scroll labelled OPHYZX BUIHU {god gift}
  4010 | Sewer    | XOM: scenery: create altars
  4079 | Sewer    | Identified 3 scrolls of acquirement
  4154 | Sewer    | XOM: god gift: chain mail {god gift}
  4257 | D:5      | Acquired 672 gold pieces
  4355 | D:4      | Bought a scroll of acquirement for 624 gold pieces
  4355 | D:4      | Acquired 619 gold pieces
  4357 | D:4      | Acquired 929 gold pieces
  4359 | D:4      | Acquired the +8 whip "Snakebite" {venom, curare, rPois}
  4359 | D:4      | Found the +8 whip "Snakebite" {venom, curare, rPois}
  4557 | D:5      | XOM: god gift: +2 heavy dire flail
  4559 | D:5      | Reached skill level 5 in Maces & Flails
  4749 | D:5      | XOM is BORED!
  4749 | D:5      | XOM: summons 5 hostile demons
  4750 | D:5      | Noticed an orange demon
  5040 | D:6      | XOM: summons friendly quasit
  5051 | D:6      | Reached XP level 9. HP: 95/105 MP: 9/9
  5092 | D:6      | Learned a level 2 spell: Lesser Beckoning
  5095 | D:6      | Learned a level 2 spell: Momentum Strike
  5274 | D:6      | XOM: confuse monster(s)
  5300 | D:6      | XOM: fog
  5313 | D:6      | XOM: cleaving
  5660 | D:6      | XOM: smoke on damage
  5735 | D:6      | Found an ancient bone altar of Kikubaaqudgha.
  6331 | D:7      | Noticed an angel
  6332 | D:7      | Found a glowing silver altar of Zin.
  6393 | D:7      | XOM: cast spell 'Disjunction'
  6414 | D:7      | Found a broken altar of Ashenzari.
  6439 | D:7      | Found a shimmering blue altar of Sif Muna.
  6668 | D:7      | XOM: scenery: create altars
  6897 | D:8      | XOM: divination: detect creatures
  7095 | D:8      | XOM: give mutations
  7095 | D:8      | Gained mutation: Your skin changes colour to match your
                  | surroundings (Stealth+). [Xom's mischief]
  7095 | D:8      | Lost mutation: Your skin changes colour to match your
                  | surroundings (Stealth+). [Xom's mischief]
  7481 | D:8      | Reached skill level 10 in Maces & Flails
  7482 | D:8      | XOM: summons friendly quasit
  7487 | D:8      | Reached XP level 10. HP: 106/114 MP: 10/10
  7490 | D:8      | XOM: divine lightning
  7622 | D:8      | XOM: draining
  7661 | D:8      | Noticed Maurice
  7664 | D:8      | Something stole a ring of willpower
  7673 | D:8      | Something stole a +1 mace of freezing
  7676 | D:8      | XOM: give mutations
  7676 | D:8      | Lost mutation: You expend magic power (3 MP) to strengthen
                  | your wands. [Xom's mischief]
  7676 | D:8      | Lost mutation: You are partially covered in large bone
                  | plates. (SH +4) [Xom's mischief]
  7677 | D:8      | Something stole 5 boomerangs
  7683 | D:8      | Killed Maurice
  7803 | D:8      | XOM: god gift: 39 gold pieces
  7826 | D:8      | XOM is BORED!
  7826 | D:8      | XOM: stat loss: -3 Int (16/19)
  7882 | D:9      | Noticed Psyche
  7899 | D:9      | Killed Psyche
  7951 | D:8      | XOM: give mutations
  7951 | D:8      | Gained mutation: You have sharp toenails. [Xom's grace]
  7951 | D:8      | Gained mutation: You have a somewhat thin skeletal
                  | structure. (Dex +2, Stealth+) [Xom's grace]
  7953 | D:8      | XOM: give mutation
  7953 | D:8      | Gained mutation: You are robust. (+10% HP) [Xom's grace]
  8108 | D:9      | Found a staircase to the Lair.
  8170 | D:9      | XOM: scenery: summon butterflies
  8228 | D:9      | XOM: give mutations
  8228 | D:9      | Gained mutation: You are covered in fur. (AC +1) [Xom's
                  | grace]
  8228 | D:9      | Gained mutation: Your muscles are strong. (Str +4, Int/Dex
                  | -1) [Xom's grace]
  8235 | D:9      | XOM: give mutations
  8235 | D:9      | Gained mutation: Your muscles are very strong. (Str +8,
                  | Int/Dex -2) [Xom's grace]
  8235 | D:9      | Gained mutation: You have razor-sharp toenails. [Xom's
                  | grace]
  8250 | D:9      | XOM: summons 10 friendly demons
  8379 | D:9      | XOM: enchant monster (bad)
  8420 | D:9      | Found Itwuciqi's Antique Armour Shop.
  8545 | D:9      | Found a sacrificial altar of Ru.
  8605 | D:9      | Found Ligop's Magic Scroll Shoppe.
  8683 | D:9      | XOM: stat loss: -1 Int (16/17)
  8689 | D:9      | XOM: noise
  8752 | D:9      | Found a basalt altar of Yredelemnul.
  8756 | D:9      | Noticed Erica
  8775 | D:9      | Killed Erica
  8776 | D:9      | Reached XP level 11. HP: 94/143 MP: 9/11
  8894 | D:9      | Found an ornate altar of the Wu Jian Council.
  8918 | D:9      | XOM: summons 2 hostile demons
  9013 | D:10     | Entered Level 10 of the Dungeon
  9302 | D:10     | Found a flagged portal.
  9311 | Bailey   | Entered a bailey
  9322 | Bailey   | XOM: 1-stop teleportation journey
  9328 | Bailey   | XOM: enchant monster (bad)
  9334 | Bailey   | XOM: smoke on damage
  9336 | Bailey   | Reached skill level 1 in Throwing
  9630 | Bailey   | XOM: god gift: staff of death
  9700 | Bailey   | Noticed an orc warlord
  9707 | Bailey   | XOM: cast spell 'Malign Gateway'
  9729 | Bailey   | Killed an orc warlord
  9730 | Bailey   | Reached skill level 5 in Throwing
 10063 | D:10     | Acquired the +2 cloak of Resourcefulness {rCorr}
 10294 | D:10     | XOM is BORED!
 10294 | D:10     | XOM: noise
 10566 | D:11     | Found a staircase to the Orcish Mines.
 10574 | D:11     | XOM: destruction
 10582 | D:11     | XOM is BORED!
 10582 | D:11     | XOM: repel stairs
 10763 | D:11     | Found a gate leading to a gauntlet.
 10772 | Gauntlet | XOM: noise
 10772 | Gauntlet | Entered a Gauntlet
 10772 | Gauntlet | Found a transporter.
 10781 | Gauntlet | Found a transporter.
 10782 | Gauntlet | Found a transporter.
 10782 | Gauntlet | Noticed a green ugly thing
 10783 | Gauntlet | XOM: scenery: summon butterflies
 10785 | Gauntlet | Found a transporter.
 10785 | Gauntlet | Noticed a glowing orange brain
 10786 | Gauntlet | Found a transporter.
 10786 | Gauntlet | Noticed a glowing orange brain
 10787 | Gauntlet | Found a transporter.
 10787 | Gauntlet | Noticed a balrug
 10795 | Gauntlet | Found a transporter.
 10795 | Gauntlet | Noticed an obsidian statue
 10804 | Gauntlet | Found a transporter.
 10866 | Gauntlet | Found a transporter.
 10867 | Gauntlet | Noticed a balrug
 10878 | Gauntlet | Found a transporter.
 10882 | Gauntlet | Found a transporter.
 10885 | Gauntlet | Noticed a green death
 10892 | Gauntlet | Found a transporter.
 10910 | Gauntlet | Noticed a wretched star
 11022 | Gauntlet | Identified the ring "Gaoxto" {rC+ MP+9 AC+4 Dex-4 SInv}
 11052 | Gauntlet | Killed an obsidian statue
 11055 | Gauntlet | Identified the amulet of the Rescuing Gods {Acrobat Int+3
                  | SInv}
 11161 | Gauntlet | Noticed a minotaur
 11165 | Gauntlet | a minotaur changed into a shock serpent
 11165 | Gauntlet | Noticed a shock serpent
 11165 | Gauntlet | XOM: polymorph minotaur -> shock serpent
 11166 | Gauntlet | XOM: cleaving
 11173 | Gauntlet | Killed a shock serpent
 11197 | Gauntlet | XOM: scenery: 1 doors close
 11324 | D:11     | Noticed a manticore
 11334 | D:11     | Killed a manticore
 11386 | D:11     | Noticed a cyclops
 11394 | D:11     | Killed a cyclops
 11395 | D:11     | Reached XP level 12. HP: 154/154 MP: 12/12
 11462 | D:11     | XOM: scenery: create altars
 11556 | D:11     | XOM: enchant monster (good)
 11688 | D:11     | XOM: silly message
 12519 | D:12     | Noticed a two-headed ogre
 12522 | D:12     | XOM: confusion (+ monsters)
 12534 | D:12     | Killed a two-headed ogre
 12577 | D:12     | Reached skill level 10 in Throwing
 12577 | D:12     | XOM: confuse monster(s)
 12584 | D:12     | XOM: enchant monster (good)
 12812 | D:12     | XOM: enchant monster (good)
 13032 | D:12     | Found a runed translucent gate.
 13033 | D:12     | Found a runed translucent gate.
 13033 | D:12     | Found an opulent altar of Gozag.
 13034 | D:12     | Found a runed translucent gate.
 13036 | D:12     | Noticed TheBioAlchemist's ghost (journeyman SpEn)
 13036 | D:12     | Noticed a storm dragon
 13039 | D:12     | Acquired a ring of magical power
 13042 | D:12     | Found Hosoek's Assorted Antiques.
 13273 | D:1      | Bought a manual of Dodging for 880 gold pieces
 13419 | Lair:1   | Entered Level 1 of the Lair of Beasts
 13419 | Lair:1   | Noticed Grum
 13440 | Lair:1   | Killed Grum
 13479 | Lair:1   | XOM: god gift: book of the Hunter
 13624 | Lair:1   | XOM: god gift: morningstar {god gift}
 13636 | Lair:1   | XOM: summons friendly ufetubus
 13639 | Lair:1   | XOM: confuse monster(s)
 13644 | Lair:1   | Reached skill level 5 in Dodging
 13846 | Lair:1   | XOM: 3-stop teleportation journey
 13889 | Lair:1   | Identified the +0 tower shield "Ugiavoc" {rF- Str+2 Dex+7}
 13891 | Lair:1   | Noticed Joseph
 13906 | Lair:1   | Killed Joseph
 13973 | Lair:1   | Noticed a boulder beetle
 13978 | Lair:1   | XOM: destruction
 13980 | Lair:1   | XOM: cast spell 'Olgreb's Toxic Radiance'
 13982 | Lair:1   | Killed a boulder beetle
 13983 | Lair:1   | Reached skill level 1 in Shields
 14092 | Lair:1   | Found a blossoming altar of Fedhas.
 14101 | Lair:1   | XOM: enchant monster (good)
 14117 | Lair:1   | Reached skill level 2 in Shields
 14156 | Lair:1   | XOM: god gift: fuming cyan potion {god gift}
 14639 | Lair:2   | XOM: summons friendly ufetubus
 14682 | Lair:2   | Reached skill level 3 in Shields
 14710 | Lair:2   | Found a glowing golden altar of the Shining One.
 14712 | Lair:2   | Identified the +8 sling of the Genius {freeze, rN+ Str+3
                  | Dex+6}
 14819 | Lair:2   | Noticed Sonja
 14826 | Lair:2   | Killed Sonja
 14827 | Lair:2   | Reached XP level 13. HP: 162/162 MP: 13/13
 14892 | Lair:2   | Reached skill level 4 in Shields
 14892 | Lair:2   | XOM: enchant monster (good)
 14901 | Lair:2   | Found a staircase to the Shoals.
 14963 | Lair:2   | XOM: give mutations
 14963 | Lair:2   | Gained mutation: You expend magic power (3 MP) to
                  | strengthen your wands. [Xom's grace]
 14963 | Lair:2   | Gained mutation: You are completely covered in iridescent
                  | scales. (AC +6) [Xom's grace]
 14963 | Lair:2   | Gained mutation: Your skin changes colour to match your
                  | surroundings (Stealth+). [Xom's grace]
 14967 | Lair:2   | XOM: draining
 14977 | Lair:2   | XOM: give mutations
 14977 | Lair:2   | Gained mutation: You are partially covered in large bone
                  | plates. (SH +4) [Xom's grace]
 14977 | Lair:2   | Gained mutation: You have claws for feet. [Xom's grace]
 14977 | Lair:2   | Gained mutation: Your flesh is cold resistant. (rC+) [Xom's
                  | grace]
 15027 | Lair:2   | XOM: summons 2 hostile demons
 15028 | Lair:2   | XOM: cast spell 'Disjunction'
 15035 | Lair:2   | Reached skill level 10 in Dodging
 15035 | Lair:2   | Reached skill level 5 in Shields
 15163 | Lair:2   | XOM: scenery: 1 doors close
 15278 | Lair:2   | XOM: scenery: 1 doors close
 15292 | Lair:2   | XOM: summons 4 hostile demons
 15383 | Lair:3   | Found a staircase to the Snake Pit.
 15459 | Lair:3   | XOM: confuse monster(s)
 15461 | Lair:3   | XOM: destruction
 15463 | Lair:3   | XOM: summons friendly shadow imp
 15472 | Lair:3   | XOM: polymorph shadow imp -> iron imp
 15474 | Lair:3   | Noticed Nergalle
 15482 | Lair:3   | Nergalle changed into Nergalle the acid dragon
 15482 | Lair:3   | Noticed Nergalle
 15482 | Lair:3   | XOM: polymorph Nergalle -> Nergalle the acid dragon
 15488 | Lair:3   | XOM: snakes to sticks
 15495 | Lair:3   | XOM: fog
 15496 | Lair:3   | Reached skill level 6 in Shields
 15500 | Lair:3   | Killed Nergalle the acid dragon
 15612 | Lair:3   | XOM: 3-stop teleportation journey
 16068 | Lair:3   | Found an ornate altar of the Wu Jian Council.
 16705 | Lair:4   | Found a runed translucent door.
 16707 | Lair:4   | Noticed Tuenopt's ghost (journeyman DsAr)
 16711 | Lair:4   | XOM: blink monster(s)
 16767 | Lair:4   | XOM: give mutations
 16767 | Lair:4   | Lost mutation: You are robust. (+10% HP) [Xom's mischief]
 16767 | Lair:4   | Lost mutation: You are completely covered in iridescent
                  | scales. (AC +6) [Xom's mischief]
 16767 | Lair:4   | Lost mutation: You are resistant to electric shocks.
                  | (rElec) [Xom's mischief]
 16789 | Lair:4   | XOM: summons 3 hostile shadow creatures
 16792 | Lair:4   | Reached skill level 7 in Shields
 16989 | Lair:4   | XOM is BORED!
 16989 | Lair:4   | XOM: summons 4 hostile shadow creatures
 17076 | Lair:4   | XOM: swap monsters
 17128 | Lair:4   | XOM: give mutations
 17128 | Lair:4   | Lost mutation: You expend magic power (3 MP) to strengthen
                  | your wands. [Xom's mischief]
 17128 | Lair:4   | Lost mutation: You are strong-willed. (Will+) [Xom's
                  | mischief]
 17578 | Lair:4   | XOM: silly message
 17673 | Lair:4   | XOM: summons 7 hostile demons
 17720 | Lair:5   | Entered Level 5 of the Lair of Beasts
 17726 | Lair:5   | XOM: polymorph yak -> elephant
 17732 | Lair:5   | XOM: confusion (+ monsters)
 17737 | Lair:5   | XOM: smoke on damage
 18119 | Lair:4   | XOM: enchant monster (bad)
 18350 | Lair:4   | Reached XP level 14. HP: 91/157 MP: 14/14
 18362 | Lair:4   | Reached skill level 8 in Shields
 18482 | Lair:4   | XOM: give mutations
 18482 | Lair:4   | Lost mutation: You have claws for feet. [Xom's mischief]
 18482 | Lair:4   | Lost mutation: You have a somewhat thin skeletal structure.
                  | (Dex +2, Stealth+) [Xom's mischief]
 18482 | Lair:4   | Lost mutation: You are partially covered in large bone
                  | plates. (SH +4) [Xom's mischief]
 18482 | Lair:4   | Lost mutation: You are covered in fur. (AC +1) [Xom's
                  | mischief]
 18551 | Lair:4   | XOM: summons 2 hostile shadow creatures
 18773 | Lair:5   | XOM: enchant monster (bad)
 18785 | Lair:5   | XOM: polymorph death yak -> minotaur
 18951 | Lair:5   | XOM: silly message
 19135 | Lair:5   | XOM: potion effect (might)
 19137 | Lair:5   | Reached skill level 9 in Shields
 19246 | Lair:5   | XOM: divination: magic mapping
 19445 | Lair:5   | XOM: cast spell 'Discord'
 19486 | Lair:5   | XOM: potion effect (curing)
 19535 | Lair:5   | XOM: polymorph komodo dragon -> brain worm
 19564 | Lair:5   | XOM: cleaving
 19593 | Lair:5   | Reached skill level 10 in Shields
 19616 | Lair:5   | XOM: confuse monster(s)
 19623 | Lair:5   | XOM: cast spell 'Olgreb's Toxic Radiance'
 19706 | Lair:5   | Found a runed translucent gate.
 19707 | Lair:5   | Found a runed translucent gate.
 19707 | Lair:5   | Found a runed translucent gate.
 19728 | Lair:5   | XOM: polymorph komodo dragon -> faun
 19790 | Lair:5   | Noticed VoidStrider's ghost (journeyman TeAE)
 20022 | Lair:5   | Found a viscous altar of Jiyva.
 20022 | Lair:5   | Found a staircase to the Slime Pits.
 20146 | Lair:5   | XOM: divination: detect items
 20171 | Lair:5   | XOM: confuse monster(s)
 20171 | Lair:5   | Killed VoidStrider's ghost
 20172 | Lair:5   | Reached skill level 11 in Shields
 20673 | Lair:1   | XOM: polymorph endoplasm -> hound
 20775 | D:11     | XOM: silly message
 20795 | Orc:1    | Entered Level 1 of the Orcish Mines
 20941 | Orc:1    | XOM: summons 1 hostile demon
 21038 | Orc:2    | Entered Level 2 of the Orcish Mines
 21038 | Orc:2    | Found a shimmering altar of Xom.
 21042 | Orc:2    | Noticed Azrael
 21049 | Orc:2    | XOM: summons friendly ufetubus
 21058 | Orc:2    | Killed Azrael
 21334 | Orc:2    | Noticed Donald
 21344 | Orc:2    | XOM: 2-stop teleportation journey
 21355 | Orc:2    | XOM: potion effect (attraction)
 21357 | Orc:2    | Killed Donald
 21358 | Orc:2    | Reached XP level 15. HP: 93/165 MP: 15/15
 21361 | Orc:2    | Reached skill level 12 in Shields
 21374 | Orc:2    | Noticed Snorg
 21376 | Orc:2    | XOM: enchant monster (bad)
 21394 | Orc:1    | Killed Snorg
 21627 | Orc:1    | XOM: stat loss: -1 Int (19/20)
 21644 | Orc:1    | XOM: stat loss: -1 Int (18/20)
 21832 | Orc:2    | XOM: fake destruction
 21991 | Orc:2    | XOM: chaos upgrade
 22000 | Orc:2    | XOM: confuse monster(s)
 22006 | Orc:2    | XOM: enchant monster (good)
 22018 | Orc:2    | XOM: scenery: create altars
 22059 | Orc:2    | Found Pottipegha's Assorted Antiques.
 22059 | Orc:2    | Found Bairyff's Assorted Antiques.
 22059 | Orc:2    | Found Viwi's Weapon Emporium.
 22403 | Orc:2    | Reached skill level 13 in Shields
 22469 | Orc:2    | Found a staircase to the Elven Halls.
 22490 | Orc:2    | XOM: cleaving
 22499 | Orc:2    | XOM: god gift: 47 gold pieces
 22767 | Orc:2    | XOM: god gift: staff of cold
 22843 | Orc:2    | XOM: god gift: wand of digging (6)
 22856 | Orc:2    | Found Rysmy's Jewellery Shoppe.
 22864 | Orc:2    | Bought a scroll of identify for 60 gold pieces
 23201 | D:13     | XOM: scenery: create altars
 23215 | D:13     | XOM: scenery: summon butterflies
 23226 | D:13     | XOM: potion effect (brilliance)
 23267 | D:13     | XOM: 1-stop teleportation journey
 23568 | D:13     | XOM: cloud trail
 23614 | D:13     | XOM: scenery: summon butterflies
 23760 | D:13     | XOM: cleaving
 24247 | D:13     | XOM: cloud trail
 24255 | D:13     | Found a runed translucent door.
 24255 | D:13     | Noticed hawla's ghost (journeyman MiFi)
 24426 | D:13     | Identified the +0 robe of Qihuodwe {Regen+ MP-9 Str+3}
 24430 | D:13     | Identified the staff "Cosujani" {rPois rN+ Str+8 Int-2 Summ
                  | Necro}
 24660 | D:13     | XOM: cleaving
 24688 | D:13     | Killed hawla's ghost
 24689 | D:13     | Reached skill level 14 in Shields
 24953 | D:14     | XOM: 3-stop teleportation journey
 24973 | D:14     | XOM: cast spell 'Summon Ice Beast'
 24979 | D:14     | XOM: polymorph human -> killer bee
 25078 | D:14     | XOM: noise
 25182 | D:14     | XOM: noise
 25393 | D:14     | XOM: noise
 25396 | D:14     | XOM: potion effect (brilliance)
 25422 | D:14     | XOM: summons friendly quasit
 25434 | D:14     | XOM: divination: detect items
 25442 | D:14     | XOM: potion effect (brilliance)
 25446 | D:14     | XOM: silly message
 25765 | D:14     | XOM: silly message
 25847 | D:14     | Found a gate to the Vaults.
 25878 | D:15     | Entered Level 15 of the Dungeon
 25880 | D:15     | XOM: potion effect (invisibility)
 25885 | D:15     | XOM: potion effect (might)
 25888 | D:15     | Reached skill level 15 in Shields
 26235 | D:15     | Found a staircase to the Depths.
 26242 | D:15     | XOM: destruction
 26249 | D:15     | XOM: silly message
 26260 | D:15     | XOM: silly message
 26397 | D:15     | Found a radiant altar of Vehumet.
 26419 | D:15     | XOM: scenery: 1 doors open
 26425 | D:15     | Noticed Kirke
 26430 | D:15     | Kirke changed into Kirke the polar bear
 26430 | D:15     | Noticed Kirke
 26430 | D:15     | XOM: polymorph Kirke -> Kirke the polar bear
 26431 | D:15     | Reached XP level 16. HP: 132/174 MP: 16/16
 26439 | D:15     | XOM: summons friendly iron imp
 26446 | D:15     | XOM: confuse monster(s)
 26451 | D:15     | XOM: cleaving
 26455 | D:15     | Killed Kirke the polar bear
 26459 | D:15     | XOM: give mutations
 26459 | D:15     | Gained mutation: Your system is resistant to poisons.
                  | (rPois) [Xom's grace]
 26459 | D:15     | Gained mutation: You are completely covered in iridescent
                  | scales. (AC +6) [Xom's grace]
 26459 | D:15     | Gained mutation: Your skin blends seamlessly with your
                  | surroundings (Stealth++). [Xom's grace]
 26528 | D:15     | XOM: confuse monster(s)
 26538 | D:15     | Reached skill level 16 in Shields
 26751 | D:15     | XOM: confuse monster(s)
 26830 | D:15     | Noticed Louise
 26843 | D:15     | Killed Louise
 27354 | Elf:1    | Entered Level 1 of the Elven Halls
 27416 | Elf:1    | XOM: noise
 27475 | Elf:1    | Paralysed by an air elemental for 1 turns
 27514 | Elf:1    | Found an ancient bone altar of Kikubaaqudgha.
 27514 | Elf:1    | XOM: 4-stop teleportation journey
 27737 | Elf:1    | XOM: confuse monster(s)
 27741 | Elf:1    | XOM: cleaving
 27748 | Elf:1    | XOM: confuse monster(s)
 27761 | Elf:1    | XOM: divine lightning
 27766 | Elf:1    | XOM: destruction
 27828 | Elf:1    | XOM: give mutations
 27828 | Elf:1    | Gained mutation: Your mind is very acute. (Int +8, Str/Dex
                  | -2) [Xom's grace]
 27828 | Elf:1    | Gained mutation: Your flesh is very cold resistant. (rC++)
                  | [Xom's grace]
 27828 | Elf:1    | Gained mutation: You passively dampen the noise of your
                  | surroundings. [Xom's grace]
 27953 | Elf:1    | Found Zuwk's Jewellery Emporium.
 27999 | Elf:1    | XOM: 1-stop teleportation journey
 28288 | Elf:1    | XOM: summons 8 friendly demons
 28294 | Elf:1    | Reached skill level 17 in Shields
 28630 | Elf:1    | XOM: enchant monster (good)
 28910 | Elf:1    | XOM: divination: magic mapping
 28948 | Elf:1    | XOM: noise
 29035 | Elf:2    | Acquired 810 gold pieces
 29083 | Elf:2    | XOM: 1-stop teleportation journey
 29463 | Elf:2    | XOM: scenery: 1 doors close
 29465 | Elf:2    | Found a runed translucent gate.
 29466 | Elf:2    | Found a runed translucent gate.
 29509 | Elf:2    | XOM: god gift: scroll of teleportation
 29529 | Elf:2    | Found a runed translucent gate.
 29531 | Elf:2    | Noticed peterlawrence's ghost (adept MiFi)
 29581 | Elf:2    | XOM: cast spell 'Summon Small Mammal'
 29681 | Elf:2    | XOM: give mutations
 29681 | Elf:2    | Gained mutation: You are resistant to electric shocks.
                  | (rElec) [Xom's grace]
 29681 | Elf:2    | Gained mutation: A frigid envelope surrounds you and
                  | freezes all who hurt you. [Xom's grace]
 29769 | Elf:2    | XOM: noise
 29867 | Elf:2    | XOM: give mutations
 29867 | Elf:2    | Lost mutation: You have razor-sharp toenails. [Xom's
                  | mischief]
 29867 | Elf:2    | Lost mutation: A frigid envelope surrounds you and freezes
                  | all who hurt you. [Xom's mischief]
 29867 | Elf:2    | Lost mutation: You passively dampen the noise of your
                  | surroundings. [Xom's mischief]
 29867 | Elf:2    | Lost mutation: Your skin blends seamlessly with your
                  | surroundings (Stealth++). [Xom's mischief]
 29915 | Elf:2    | XOM: draining
 29930 | Elf:2    | XOM: confusion (+ monsters)
 29955 | Elf:2    | XOM: chaos upgrade
 29966 | Elf:2    | XOM: scenery: 2 doors open, 2 doors close
 30349 | Elf:2    | XOM: enchant monster (bad)
 30361 | Elf:2    | Reached skill level 18 in Shields
 30367 | Elf:2    | XOM: confusion
 30397 | Elf:2    | XOM: smoke on damage
 30402 | Elf:2    | XOM: potion effect (haste)
 30860 | Elf:2    | XOM: chaos cloud
 30865 | Elf:2    | Noticed a Tzitzimitl
 30867 | Elf:2    | XOM: chaos upgrade
 30938 | Abyss:3  | Found a corrupted altar of Lugonu.
 30938 | Abyss:3  | Cast into level 3 of the Abyss (a deep elf demonologist)
 31005 | Abyss:3  | XOM: enchant monster (good)
 31016 | Abyss:4  | Found a shimmering altar of Xom.
 31016 | Abyss:4  | Found a shimmering altar of Xom.
 31016 | Abyss:4  | Found a shimmering altar of Xom.
 31016 | Abyss:4  | Found a shimmering altar of Xom.
 31016 | Abyss:4  | Found a shimmering altar of Xom.
 31016 | Abyss:4  | Found a corrupted altar of Lugonu.
 31016 | Abyss:4  | Found a shimmering altar of Xom.
 31016 | Abyss:4  | Found a shimmering altar of Xom.
 31016 | Abyss:4  | Found a shimmering altar of Xom.
 31016 | Abyss:4  | Found a shimmering altar of Xom.
 31016 | Abyss:4  | Found a shimmering altar of Xom.
 31016 | Abyss:4  | Found a shimmering altar of Xom.
 31041 | Abyss:4  | XOM: enchant monster (bad)
 31144 | Abyss:4  | Noticed a tentacled starspawn
 31147 | Abyss:4  | Found a shimmering altar of Xom.
 31160 | Abyss:4  | Killed a tentacled starspawn
 31161 | Abyss:4  | Reached XP level 17. HP: 62/172 MP: 15/15
 31234 | Abyss:4  | XOM: enchant monster (bad)
 31238 | Abyss:4  | Noticed a tentacled starspawn
 31245 | Abyss:4  | Paralysed by accursed screaming for 1 turns
 31246 | Abyss:4  | XOM: blink monster(s)
 31250 | Abyss:4  | Killed a tentacled starspawn
 31250 | Abyss:4  | Paralysed by accursed screaming for 1 turns
 31257 | Abyss:4  | Paralysed by accursed screaming for 1 turns
 31261 | Abyss:4  | Found a corrupted altar of Lugonu.
 31262 | Abyss:4  | Killed from afar by an eye of devastation

Illustrated notes

Levels and vault maps discovered:
D:1:      shiori_arrival_oz, layout_rooms, serial_shops, shop,
          shapermc_ecumenical_altar_pompeii
D:2:      layout_loops_cross, basic_altar
D:3:      layout_basic, general_overflow_altar, hangedman_decor_points,
          uniq_sigmund, uniq_robin
D:4:      layout_gridville, okawaru_trees_1, minmay_temple_entry_wispy,
          serial_shops, nicolae_shop_stone, hangedman_decor_diamond_cutter,
          nicolae_zig_zag_zippers, uniq_pikel, uniq_menkaure
D:5:      layout_basic, portal_sewer_entry_a
D:6:      layout_basic, mainiacjoe_overflow_alcove_1, patterned_corridor
D:7:      layout_cave_pods, zin_angel, mainiacjoe_overflow_cross_hatched,
          led_sif_pool
D:8:      layout_loops_corners, uniq_maurice
D:9:      layout_basic, hangedman_ru_absence,
          mainiacjoe_overflow_catwalk_spiral, erik_lair_island, serial_shops,
          nicolae_take_the_stairs, nicolae_stop_n_shop_1, uniq_psyche,
          uniq_erica
D:10:     layout_rooms, enter_bailey_6
D:11:     layout_long_grid, orc_david_3, gauntlet_entry_generic
D:12:     layout_long_grid, ebering_ghost_gozag, grunt_ministairs_2
D:13:     layout_loops_ring, gammafunk_ghost_grave, worms_lemuel
D:14:     layout_roguey, ximxim_vaults_locker_room, palyth_stone_intersect
D:15:     grunt_enter_depths_magical_seal, layout_basic, vehumet_crystals,
          uniq_louise, uniq_kirke
Lair:1:   lemuel_slime, layout_loops_ring, hangedman_tree_tricks,
          hangedman_lair_unloving_vines, serial_bayou_shore_b, uniq_joseph,
          uniq_grum
Lair:2:   layout_roguey, nicolae_shoals_entry_roost, basic_altar, uniq_sonja
Lair:3:   layout_chaotic_city, guppyfry_snake_entry_garden, basic_altar,
          uniq_nergalle
Lair:4:   layout_hall_layers, gammafunk_ghost_grave, serial_bayou_crossing
Lair:5:   evilmike_catoblepas_cave, layout_gridlike, slime_entry_1,
          gammafunk_ghost_icy, st_stairs_11
Orc:1:    layout_caves, mines1_david
Orc:2:    st_orc_mages, layout_caves, basic_altar, uniq_snorg, uniq_donald,
          uniq_azrael
Elf:1:    eino_elf_arrival_customs, layout_loops_corners, basic_altar,
          serial_shops, nicolae_diamond_shop, nicolae_elf_shapeshifter_party,
          billiards_dpeg
Elf:2:    elven_hall_of_blades_hangedman_original [grunt_blade_entry_basic],
          layout_onion_city, enter_trove_5, gammafunk_ghost_tricky_traps,
          orc_legates
Abyss:4:  base: Snake:3, bh_abyss_xom_lugonu_altar,
          due_evilmike_abyss_rune_seething_liches

Skill      XL: |  1  2  3  4  5  6  7  8  9 10 11 12 13 14 15 16 |
---------------+-------------------------------------------------+-----
Fighting       | 5 6 7 8 9 11 14 | 14.7
Translocations | 2 3 5 |  5.1
Maces & Flails | 6 10 12 | 12.0
Throwing       | 8 10 | 10.7
Dodging        | 8 13 | 13.9
Shields        | 3 7 11 15 18 | 18.5

Action                     |  1- 3 |  4- 6 |  7- 9 | 10-12 | 13-15 | 16-18 || total
---------------------------+-------+-------+-------+-------+-------+-------++-------
  Melee: Mace              |    91 |   104 |   129 |       |       |       ||   324
         Headbutt          |    11 |    13 |    66 |   110 |   330 |   108 ||   638
         Punch             |     1 |       |     2 |    10 |       |       ||    13
         Whip              |       |       |   205 |   583 |  1333 |   569 ||  2690
         Kick              |       |       |       |   156 |   514 |   196 ||   866
  Throw: Large rock        |       |       |       |       |     1 |       ||     1
  Evoke: Wand              |       |       |       |     2 |     5 |       ||     7
         Lightning rod     |       |       |       |       |     6 |     4 ||    10
         Phial of floods   |       |       |       |       |     1 |       ||     1
         Tin of tremorston |       |       |       |       |       |     2 ||     2
    Use: Potion            |     5 |       |     1 |     4 |     2 |     2 ||    14
         Scroll            |     3 |     2 |    12 |     7 |     6 |     6 ||    36
   Stab: Sleeping          |     1 |       |       |     2 |    10 |     4 ||    17
         Confused          |       |       |     1 |     1 |     2 |     4 ||     8
         Distracted        |       |       |       |     1 |     2 |       ||     3
         Petrified         |       |       |       |     6 |     5 |       ||    11
 Armour: Robe              |    81 |   125 |   224 |   341 |   688 |   188 ||  1647
  Dodge: Dodged            |    55 |    62 |   115 |   184 |   386 |   108 ||   910
  Block: Other             |     3 |    23 |    40 |     2 |       |       ||    68
         Tower shield      |       |       |       |    19 |  1077 |   310 ||  1406
